 Dungeon Crawl Stone Soup version 0.31.0-32-g396128a36d (webtiles) character file.

Game seed: 14229804354521362845

19 spaghetti the Sneak (level 2, 0/18 HPs)
             Began as a Deep Elf Berserker on Mar 22, 2024.
             Was a Follower of Trog.
             Slain by an adder (1 damage)
             ... on level 2 of the Dungeon.
             The game lasted 00:00:46 (831 turns).

spaghetti the Sneak (Deep Elf Berserker)             Turns: 831, Time: 00:00:47

Health: 0/18       AC:  2    Str: 14    XL:     2   Next: 55%
Magic:  4/4        EV: 12    Int: 11    God:    Trog [*.....]
Gold:   84         SH:  0    Dex: 14    Spells: 1/1 levels left

rFire   . . .        a - +0 short sword
rCold   . . .        (no shield)
rNeg    . . .        b - +0 animal skin
rPois   .            (no helmet)
rElec   .            (no cloak)
rCorr   .            (no gloves)
SInv    +            (no boots)
Will    .....        (no amulet)
Stlth   ++           (no ring)
HPRegen 0.23/turn    (no ring)
MPRegen 0.09/turn

%: no passive effects
@: on berserk cooldown, slowed, very slow
A: no striking features
a: Renounce Religion, Berserk


You were on level 2 of the Dungeon.
You worshipped Trog.
Trog was aware of your devotion.
You visited 1 branch of the dungeon, and saw 2 of its levels.

You collected 84 gold pieces.

Inventory:

Hand Weapons
 a - a +0 short sword (weapon)
Armour
 b - a +0 animal skin (worn)
Jewellery
 c - a ring of protection from cold
Scrolls
 d - a scroll of teleportation {unknown}


   Skills:
 - Level 2.4 Fighting
 - Level 3.0 Short Blades
 - Level 1.5 Armour
 - Level 2.4 Dodging
 + Level 3.1 Stealth


You had one spell level left.
You didn't know any spells.
Your spell library was empty.

Dungeon Overview and Level Annotations

Branches:
Dungeon (2/15)

Altars:


Message History

You are too injured to fight recklessly!
You are too injured to fight recklessly!
You are too injured to fight recklessly!
You are too injured to fight recklessly!
You are too injured to fight recklessly!
You are too injured to fight recklessly!
You are too injured to fight recklessly!
You closely miss the adder. The adder bites you. The adder misses you.
You hit the adder.
The adder is heavily wounded.
The adder bites you. x2
You hit the adder.
The adder is severely wounded.
The adder closely misses you.
You hit the adder but do no damage.
The adder is severely wounded.
The adder closely misses you. The adder bites you.
You miss the adder.
The adder is severely wounded.
The adder bites you. x2
* * * LOW HITPOINT WARNING * * *
You aren't carrying any potions.
You closely miss the adder.
The adder is severely wounded.
The adder bites you but does no damage.
You closely miss the adder.
The adder is severely wounded.
The adder bites you.
* * * LOW HITPOINT WARNING * * *
The adder closely misses you.
You closely miss the adder.
The adder is severely wounded.
The adder bites you.
* * * LOW HITPOINT WARNING * * *
The adder barely misses you.
You aren't carrying any potions.
As you read the scroll labelled BAOTOT VAYXOER, it crumbles to dust.
You feel aware of your surroundings.
It was a scroll of revelation.
The adder bites you.
You die...

*,,,,,,,,,,,,,,,*****,,
##.....###...##,,,,,,,,,
####...###.####*,,,***,*
####...###.####*,*,* *,*
**#####......####*,#,* *,*
*,......##.######*.#,# *,,
*,########.#######.#.#****
*,########.##.......#,**
*,###...S@......<..#**,***
*,###..##.#.......## **,,,
*,###..##...#.†....#**,***
*,###..######.....#.#,****
*,###..########.###...,,,,
*,###..########.# *,###**,
*,###..########.# *,* *,
*,###..########.# *,* *,
*,*,,,,* *,..# *,* *,


You could see an adder.

Vanquished Creatures
  2 ball pythons (D:1)
  2 endoplasms (D:1)
  2 giant cockroaches
  3 hobgoblins
  2 bats (D:1)
  2 frilled lizards (D:1)
  3 kobolds (D:1)
  2 rats (D:1)
18 creatures vanquished.

Notes
Turn   | Place    | Note
-------+----------+-------------------------------------------
     0 | D:1      | spaghetti the Deep Elf Berserker began the quest for the
                  | Orb.
     0 | D:1      | Reached XP level 1. HP: 13/13 MP: 3/3
    14 | D:1      | Reached skill level 1 in Stealth
   193 | D:1      | Reached XP level 2. HP: 18/18 MP: 4/4
   831 | D:2      | Slain by an adder

Illustrated notes

Levels and vault maps discovered:
D:1:      dpeg_arrival_central, layout_basic, minmay_misc_feat_cross,
          minmay_3d_cube
D:2:      layout_loops_ring, uniq_terence

Skill      XL: |  1  2 |
---------------+-------+-----
Stealth        | 2 3 |  3.1
Fighting       | |  2.4
Short Blades   | |  3.0
Armour         | |  1.5
Dodging        | |  2.4

Action                     || total
---------------------------++-------
  Melee: Short sword       ||    65
         Punch             ||     1
 Invoke: Berserk           ||     3
    Use: Scroll            ||     1
   Stab: Distracted        ||     1
 Armour: Animal skin       ||    41
  Dodge: Dodged            ||    52
